 Dungeon Crawl Stone Soup version 0.20.0-15-g7f486f2 (webtiles) character file.

56 vishdafish the Covered (level 3, -2/24 HPs)
             Began as a Gargoyle Fighter on June 19, 2017.
             Slain by an adder (3 damage)
             ... on level 2 of the Dungeon.
             The game lasted 00:02:44 (1175 turns).

vishdafish the Covered (Gargoyle Fighter)           Turns: 1175, Time: 00:02:45

Health: -2/24      AC: 10    Str: 25    XL:     3   Next: 97%
Magic:  3/3        EV:  7    Int:  8    God:
Gold:   81         SH:  9    Dex:  9    Spells: 2/2 levels left

rFire    . . .     SeeInvis .   a - +0 flail
rCold    . . .     Gourm    .   c - +0 shield
rNeg     + . .     Faith    .   b - +0 scale mail
rPois    ∞         Spirit   .   (no helmet)
rElec    +         Reflect  .   (no cloak)
rCorr    .         Harm     .   (no gloves)
MR       .....                  (no boots)
Stlth    ..........             (no amulet)
Regen    0.1/turn               (no ring)
MPRegen  0.1/turn               (no ring)

@: mighty
A: negative energy resistance 1, electricity resistance, unbreathing,
petrification resistance, rot immunity, AC +3
a: no special abilities


You were on level 2 of the Dungeon.
You were not hungry.

You visited 1 branch of the dungeon, and saw 2 of its levels.

You collected 81 gold pieces.

Inventory:

Hand Weapons
 a - a +0 flail (weapon)
Armour
 b - a +0 scale mail (worn)
 c - a +0 shield (worn)
Jewellery
 p - an uncursed ring of wizardry {unknown}
 s - an uncursed amulet of the gourmand {unknown}
Scrolls
 g - 2 scrolls of fog {unknown}
 h - a scroll of amnesia {unknown}
 j - 2 scrolls of identify {unknown}
 k - a scroll of teleportation {unknown}
 l - a scroll of recharging {unknown}
 m - a scroll of immolation {unknown}
 n - a scroll of remove curse {unknown}
 o - a scroll of noise {unknown}
Potions
 e - a potion of ambrosia {unknown}
 i - a potion of curing {unknown}
 q - a potion of haste {unknown}
 r - a potion of flight {unknown}
Comestibles
 f - a bread ration
 t - a royal jelly


   Skills:
 + Level 3.8 Fighting
 + Level 2.6 Maces & Flails
 + Level 3.9 Armour
 + Level 3.8 Shields


You had 2 spell levels left.
You didn't know any spells.

Dungeon Overview and Level Annotations

Branches:
Dungeon (2/15)

Altars:
The Shining One


Innate Abilities, Weirdness & Mutations

You are resistant to torment.
Your stone body is resilient. (AC +3)
You are immune to poison.
You resist negative energy. (rN+)
You are resistant to electric shocks. (rElec)
You can survive without breathing.
You are immune to petrification.
You are immune to rotting.


Message History

You miss the leopard gecko. The leopard gecko barely misses you.
You miss the leopard gecko.
The leopard gecko bites you but does no damage.
You block the leopard gecko's attack.
You sock the leopard gecko!
You kill the leopard gecko!
The adder bites you but does no damage.
You miss the adder. The adder bites you but does no damage.
You block the adder's attack.
You miss the adder. The adder closely misses you.
The adder bites you but does no damage.
You barely miss the adder. You block the adder's attack.
Your shield and scale mail prevent you from hitting the adder.
The adder bites you.
* * * LOW HITPOINT WARNING * * *
The adder bites you.
* * * LOW HITPOINT WARNING * * *
You completely miss the adder.
The adder bites you but does no damage. x2
You miss the adder. The adder bites you.
You die...

........# ##..##.##. ........#
#...#..... [.......#
####........# ........#
##..........# #. #.........#
#.........#.# #.
#........>#####...#.....#.# #.
#.........##....###.#.#.#.# ..#
.........##....##..#.#.#..
...####.......lS@..##...##.#.###
.............#.####.....##.#..##
..#............#........#..##).#
...###......##..........#..###.#
...#####.......#........#..###(##
....# ##......#..............(..
..#.#####.#.#....######.......(..
......##......)...#####..÷....(..
..<##.......#.#............)...##


You could see an adder and a frilled lizard.

Vanquished Creatures
  An ooze (D:2)
  A worm (D:2)
  A dart slug (D:1)
  2 leopard geckos (D:2)
  A ball python (D:1)
  9 bats
  A giant cockroach (D:2)
  4 goblins
  8 hobgoblins
  3 kobolds (D:2)
  6 frilled lizards
  7 rats
44 creatures vanquished.

Notes
Turn   | Place    | Note
-------+----------+-------------------------------------------
     0 | D:1      | vishdafish the Gargoyle Fighter began the quest for the Orb.
     0 | D:1      | Reached XP level 1. HP: 14/14 MP: 1/1
   114 | D:1      | Reached XP level 2. HP: 19/19 MP: 2/2
   419 | D:1      | Reached XP level 3. HP: 24/24 MP: 3/3
   795 | D:2      | Found a glowing golden altar of the Shining One.
  1173 | D:2      | HP: 1/24 [adder (1)]
  1175 | D:2      | Slain by an adder

Action                   || total
-------------------------++-------
Melee: Flail             ||   198
  Use: Potion            ||     1
  Eat: Bread ration      ||     1
Armor: Scale mail        ||   137
Dodge: Dodged            ||   100
Block: Shield            ||   132
